Map: Amphion LE

Players

Oliveira - Winner!

  • Race: Terran Terran
  • Spawn Location: 11:00

DnS

  • Race: Protoss Protoss
  • Spawn Location: 7:00

Event: Bellum Gens Elite Stara Zagora 2024

VOD

Have the link to the VOD?

Description

Time

  • Played on: Sept. 5, 2024, 12:39 p.m.
  • Length: 8:21

All games in this series

Show
View Real Time Build Order
Export as new Build Order

Oliveira Terran - Winner!

Build Orders: Cyclone Opening, Reaper Expand 

Get SALT Encoding   

  12  0:00  SCV  
  13  0:13  SCV  
  14  0:18  Supply Depot  
  14  0:25  SCV  
  15  0:39  SCV  
  15  0:41  Barracks  
  16  0:45  Refinery  
  16  0:51  SCV  
  17  1:03  SCV  
  18  1:16  SCV  
  19  1:28  Reaper  
  19  1:29  Orbital Command  
  20  1:41  Command Center  
  20  1:49  Supply Depot  
  20  1:55  SCV  
  21  2:01  Marine  
  21  2:07  SCV  
  23  2:10  Factory  
  23  2:19  SCV, Marine  
  25  2:24  Barracks  
  25  2:31  SCV  
  25  2:32  Refinery  
  26  2:39  Barracks Reactor  
  26  2:43  SCV  
  27  2:54  Cyclone  
  27  2:55  Orbital Command  
  27  2:57  SCV  
  30  3:09  SCV  
  30  3:12  Barracks Tech Lab  
  31  3:16  Marine x2  
  33  3:21  Supply Depot, SCV  
  33  3:23  SCV  
  37  3:27  Cyclone  
  37  3:30  Stimpack  
  37  3:31  Marine  
  37  3:33  SCV  
  39  3:35  SCV  
  39  3:36  Marine  
  39  3:38  Marine  
  42  3:43  Starport  
  42  3:46  SCV  
  42  3:47  SCV  
  44  3:51  Supply Depot  
  44  3:52  Marine  
  45  3:58  SCV  
  45  3:59  SCV  
  45  4:00  Factory Reactor  
  47  4:03  Marine  
  47  4:05  Marine  
  49  4:10  SCV  
  49  4:11  SCV  
  49  4:13  Marine  
  49  4:15  Supply Depot  
  51  4:19  Engineering Bay  
  51  4:22  SCV, Marine  
  51  4:23  Marine  
  51  4:24  SCV  
  55  4:30  Refinery  
  55  4:31  Marine  
  56  4:34  SCV  
  56  4:36  SCV  
  56  4:37  Supply Depot  
  58  4:40  Marine, Medivac x2  
  58  4:44  Factory Tech Lab  
  63  4:45  Marine  
  63  4:47  SCV  
  63  4:48  SCV, Marine  
  63  4:51  Terran Infantry Weapons Level 1  
  67  4:57  Barracks  
  67  4:59  SCV  
  68  5:00  Marine  
  68  5:01  Supply Depot  
  68  5:03  Marine  
  68  5:05  Refinery  
  70  5:07  SCV  
  70  5:11  Siege Tank  
  74  5:15  Marine  
  74  5:16  SCV  
  74  5:19  SCV  
  74  5:22  Marine  
  74  5:23  Marine  
  74  5:24  Starport Reactor  
  76  5:28  SCV  
  76  5:30  Supply Depot x2  
  76  5:31  SCV  
  76  5:34  Marine  
  79  5:40  SCV  
  78  5:43  Siege Tank, SCV  
  82  5:53  SCV  
  82  5:54  Marine  
  82  5:55  SCV  
  85  5:58  Marine x2  
  85  6:03  Supply Depot, Command Center  
  87  6:05  SCV  
  87  6:09  Marine  
  87  6:10  Marine  
  90  6:11  Viking  
  90  6:12  Marine, Viking  
  90  6:16  Combat Shield  
  90  6:17  Marine  
  92  6:29  Marine  
  92  6:31  Marine  
  82  6:34  Marine  
  82  6:36  Marine  
  82  6:37  Siege Tank  
  82  6:38  SCV x2, Marine  
  86  6:45  Barracks  
  85  6:47  Marine, Viking x2  
  85  6:49  Barracks  
  85  6:50  Marine  
  91  6:55  SCV  
  91  6:56  Marine  
  91  6:58  SCV  
  91  7:00  Marine x2  
  96  7:07  Marine  
  97  7:09  SCV  
  97  7:11  Siege Tank  
  97  7:13  SCV  
  102  7:17  Marine  
  102  7:18  Viking x2  
  102  7:19  Marine  
  102  7:20  Marine  
  102  7:21  SCV  
  109  7:25  SCV  
  109  7:26  Supply Depot, Marine  
  109  7:27  Marine  
  112  7:33  SCV  
  112  7:35  Barracks Tech Lab  
  113  7:40  Orbital Command, SCV  
  113  7:43  Marine  
  110  7:45  Barracks Tech Lab  
  110  7:47  Marine x2  
  110  7:50  SCV  
  118  7:56  SCV  
Show
View Real Time Build Order
Export as new Build Order

DnS Protoss 

Build Orders: 1 Gate Expand, Phoenix Opening, Colossus Rush 

Get SALT Encoding   

  12  0:00  Probe  
  13  0:12  Probe  
  14  0:19  Pylon  
  14  0:24  Probe  
  15  0:30  Assimilator  
  15  0:37  Probe (Chrono Boost)  
  16  0:42  Gateway  
  16  0:49  Probe (Chrono Boost)  
  17  0:55  Probe (Chrono Boost)  
  18  1:03  Probe  
  19  1:16  Probe  
  20  1:25  Nexus  
  20  1:36  Cybernetics Core  
  20  1:38  Probe  
  21  1:46  Pylon  
  21  1:50  Probe  
  21  1:53  Assimilator  
  22  2:02  Probe  
  23  2:11  Sentry (Chrono Boost)  
  23  2:15  Probe  
  26  2:23  Stargate  
  26  2:26  Adept (Chrono Boost)  
  26  2:27  Probe  
  29  2:39  Warp Gate, Probe  
  29  2:41  Probe  
  31  2:47  Adept (Chrono Boost)  
  33  3:05  Probe (Chrono Boost)  
  33  3:07  Probe (Chrono Boost)  
  33  3:08  Phoenix  
  36  3:16  Probe (Chrono Boost), Pylon  
  36  3:17  Probe (Chrono Boost)  
  38  3:21  Probe (Chrono Boost)  
  38  3:26  Probe  
  40  3:32  Phoenix  
  40  3:33  Probe  
  43  3:37  Gateway  
  43  3:39  Probe (Chrono Boost)  
  44  3:44  Shield Battery  
  44  3:45  Probe (Chrono Boost)  
  45  3:52  Robotics Facility  
  47  3:56  Probe x2 (Chrono Boost)  
  47  3:59  Phoenix (Chrono Boost)  
  47  4:01  Probe (Chrono Boost)  
  50  4:02  Probe (Chrono Boost)  
  51  4:12  Probe  
  51  4:14  Probe  
  51  4:15  Assimilator, Pylon  
  53  4:17  Assimilator  
  53  4:20  Pylon  
  53  4:24  Probe  
  53  4:27  Pylon  
  54  4:33  Probe, Phoenix  
  54  4:36  Probe  
  58  4:41  Robotics Bay  
  58  4:45  Probe  
  58  4:48  Probe  
  58  4:49  Immortal (Chrono Boost)  
  64  5:05  Nexus  
  64  5:08  Pylon  
  64  5:10  Probe  
  65  5:19  Observer (Chrono Boost)  
  65  5:21  Probe  
  67  5:23  Phoenix  
  67  5:27  Probe  
  70  5:28  Pylon  
  70  5:30  Colossus (Chrono Boost)  
  76  5:38  Shield Battery  
  76  5:45  Probe x2  
  76  5:48  Stalker  
  76  5:49  Stalker  
  76  5:54  Phoenix  
  73  6:02  Shield Battery  
  73  6:06  Probe  
  73  6:10  Probe  
  73  6:13  Colossus (Chrono Boost)  
  73  6:14  Zealot x2  
  79  6:22  Phoenix  
  71  6:37  Stalker x2  
  71  6:39  Pylon, Probe x2  
  71  6:42  Observer  
  68  6:47  Phoenix  
  68  6:51  Probe  
  69  7:00  Nexus  
  69  7:01  Pylon  
  69  7:04  Probe x2  
  69  7:06  Colossus (Chrono Boost)  
  77  7:16  Probe  
  77  7:18  Probe  
  79  7:27  Forge, Twilight Council  
  79  7:28  Sentry x2, Probe  
  84  7:37  Shield Battery  
  84  7:41  Phoenix  
  86  7:50  Probe x2  
  87  7:51  Shield Battery  
  87  7:54  Zealot x2  
Tags
 
Add a new tag
Caveats
  • Supply blocks, unpowered buildings, or Contaminate may cause inaccurate times.
  • Supply counts are checked every 10 seconds.